[Event "Titled Tuesday Blitz March 28 Late 2023"]
[White "Fernandez, Maria Florencia"]
[Black "Dahlgren, James Allen"]
[WhiteFideId "116459"]
[BlackFideId "22256873"]
[WhiteElo "2155"]
[BlackElo "2198"]
[Result "1-0"]
[Round "03"]
[TimeControl "180+2"]
[Date "2023.03.28"]
[WhiteClock "0:00:07"]
[BlackClock "0:00:04"]

1. d4 f5 2. c4 Nf6 3. Nc3 g6 4. Nf3 Bg7 5. Bf4 O-O 6. e3 d6 7. Qb3 h6 8. h4 Nc6 9. c5+ Kh7 10. Be2 d5 11. O-O-O Be6 12. Ne5 Nxe5 13. Bxe5 b6 14. h5 g5 15. cxb6 axb6 16. Kb1 Qd7 17. Bd3 Kg8 18. f3 Ra5 19. Rc1 Rfa8 20. a3 c5 21. Qxb6 c4 22. Bc2 R5a6 23. Qc7 Qxc7 24. Bxc7 Ne8 25. Bg3 Rb6 26. Ka2 Nd6 27. Bxd6 exd6 28. Rhd1 Rab8 29. Rb1 f4 30. e4 dxe4 31. Bxe4 Bf7 32. Bd5 Bxd5 33. Nxd5 Rb5 34. Nc3 Kf7 35. Nxb5 Rxb5 36. Rbc1 d5 37. Rc2 Ra5 38. Re2 Bf6 39. b4 cxb3+ 40. Kxb3 Rb5+ 41. Ka2 Rb6 42. Rb2 Ra6 43. Rb3 Ke6 44. Rb4 Rc6 45. a4 Rc2+ 46. Rb2 Rc4 47. Ka3 Be7+ 48. Ka2 Rxa4+ 49. Kb1 Bf6 50. Rb6+ Kf5 51. Rb5 Ke6 52. Re1+ Kd6 53. Rb6+ Kd7 54. Rxf6 Rxd4 55. Rxh6 1-0


[Site "https://www.chess.com"]

[Event "Titled Tuesday Blitz March 28 Late 2023"]
[White "Stanisz, Patryk"]
[Black "Molenda, Marcin"]
[WhiteFideId "1123106"]
[BlackFideId "1173065"]
[WhiteElo "2069"]
[BlackElo "2286"]
[Result "0-1"]
[Round "03"]
[TimeControl "180+2"]
[Date "2023.03.28"]
[WhiteClock "0:00:01"]
[BlackClock "0:00:55"]

1. d4 d5 2. c4 e6 3. Nc3 Nf6 4. Nf3 Bb4 5. Qa4+ Nc6 6. e3 O-O 7. Bd2 a6 8. Rd1 dxc4 9. Bxc4 Bd6 10. a3 Qe7 11. O-O e5 12. d5 Nb8 13. e4 Nbd7 14. Qc2 Re8 15. Bg5 h6 16. Bh4 Nf8 17. Rfe1 Ng6 18. Bxf6 Qxf6 19. Ne2 Bg4 20. Nd2 Bc5 21. Rf1 Nf4 22. Nb3 Ba7 23. Rde1 Nxg2 24. Ng3 Nxe1 25. Rxe1 h5 26. Bd3 h4 27. Nf5 Bxf5 28. exf5 e4 29. Bxe4 h3 30. Kh1 Qg5 31. Rg1 Qf4 32. Re1 Bxf2 0-1


[Site "https://www.chess.com"]

[Event "Titled Tuesday Blitz March 28 Late 2023"]
[White "lluiss"]
[Black "Melaugh, Shane"]
[BlackFideId "2509580"]
[WhiteElo "2188"]
[BlackElo "2034"]
[Result "0-1"]
[Round "03"]
[TimeControl "180+2"]
[Date "2023.03.28"]
[WhiteClock "0:00:09"]
[BlackClock "0:00:44"]

1. Nf3 f5 2. c4 Nf6 3. g3 d6 4. d4 e6 5. Bg2 Be7 6. O-O O-O 7. Nc3 Ne4 8. Qc2 Nxc3 9. Qxc3 a5 10. Re1 Nc6 11. e4 fxe4 12. Rxe4 Bf6 13. Re1 e5 14. d5 Ne7 15. Nd2 Bf5 16. Ne4 Qd7 17. Be3 Bh3 18. Nxf6+ Rxf6 19. Bg5 Rf7 20. Bxe7 Rxe7 21. Qf3 Rf8 22. Qe4 Ref7 23. Rf1 Bxg2 24. Kxg2 b6 25. b3 Qe7 26. Rae1 Qg5 27. h4 Qh5 28. Qe2 Rf3 29. Qe4 Qf7 30. Re2 h6 31. Qg4 Rf6 32. h5 Rf5 33. f4 exf4 34. Ref2 Qxh5 35. Qxh5 Rxh5 36. Rxf4 Rxf4 37. Rxf4 Re5 38. Kf2 Re7 39. Rd4 g5 40. Kf3 Kg7 41. g4 Kg6 42. Rd2 Rf7+ 43. Kg3 h5 44. gxh5+ Kxh5 45. Rh2+ Kg6 46. Re2 Kf5 47. Rg2 Re7 48. Rf2+ Kg6 49. Kg4 Re4+ 50. Kg3 Rd4 51. Re2 b5 52. cxb5 Rxd5 53. Re7 Rc5 54. a4 Kf6 55. Rh7 Kf5 56. Rh6 Rc3+ 57. Kf2 Rxb3 58. b6 Rxb6 59. Rxd6 cxd6 0-1


[Site "https://www.chess.com"]

[Event "Titled Tuesday Blitz March 28 Late 2023"]
[White "Villalba, Marcelo"]
[Black "Lopez Perdomo, Juan David"]
[WhiteFideId "3701859"]
[BlackFideId "4405137"]
[WhiteElo "2191"]
[BlackElo "1965"]
[Result "0-1"]
[Round "03"]
[TimeControl "180+2"]
[Date "2023.03.28"]
[WhiteClock "0:02:09"]
[BlackClock "0:02:18"]

1. e4 e6 2. d4 d5 3. Nd2 Nf6 4. e5 Nfd7 5. f4 c5 6. c3 cxd4 7. cxd4 Nc6 8. Ndf3 Qb6 9. g3 Bb4+ 10. Kf2 f6 11. h4 fxe5 12. fxe5 Ndxe5 13. Kg2 Ng4 14. Bd3 e5 15. dxe5 Qf2+ 16. Kh3 Ne3+ 17. g4 Bxg4# 0-1


[Site "https://www.chess.com"]

[Event "Titled Tuesday Blitz March 28 Late 2023"]
[White "Tymrakiewicz, Rafal"]
[Black "Barria Santos, Jose Guilherme"]
[WhiteFideId "1108832"]
[BlackFideId "1939300"]
[WhiteElo "2151"]
[BlackElo "2301"]
[Result "1-0"]
[Round "03"]
[TimeControl "180+2"]
[Date "2023.03.28"]
[WhiteClock "0:00:05"]
[BlackClock "0:00:10"]

1. e4 c5 2. c3 Nf6 3. e5 Nd5 4. d4 cxd4 5. Qxd4 e6 6. Nf3 Nc6 7. Qe4 d6 8. exd6 Bxd6 9. Nbd2 O-O 10. Nc4 Nf6 11. Qe2 Bc7 12. g3 e5 13. Bg2 Re8 14. O-O Bg4 15. h3 Bh5 16. g4 Bg6 17. Rd1 Qe7 18. Bg5 h5 19. Ne3 Qe6 20. Nh4 Ne4 21. Nxg6 Nxg5 22. Nh4 e4 23. Rd5 Ne5 24. Rad1 Nef3+ 25. Nxf3 exf3 26. Qc4 Be5 27. Bf1 hxg4 28. Qxg4 Qh6 29. Nf5 Qg6 30. h4 Ne6 31. Qxg6 fxg6 32. Nd6 Nc7 33. R5d3 Bxd6 34. Rxd6 Ne6 35. Bc4 Kf7 36. Re1 Rh8 37. Rdxe6 1-0


[Site "https://www.chess.com"]

[Event "Titled Tuesday Blitz March 28 Late 2023"]
[White "Mazzilli, Piero"]
[Black "Senft, Sean"]
[WhiteFideId "807087"]
[BlackFideId "2044960"]
[WhiteElo "2175"]
[BlackElo "1989"]
[Result "1-0"]
[Round "03"]
[TimeControl "180+2"]
[Date "2023.03.28"]
[WhiteClock "0:00:33"]
[BlackClock "0:01:04"]

1. e4 e6 2. Nc3 d5 3. Nf3 dxe4 4. Nxe4 Be7 5. d4 Nf6 6. Bd3 O-O 7. Qe2 Nbd7 8. Bg5 b6 9. Nxf6+ Bxf6 10. Qe4 g6 11. Bxf6 Nxf6 12. Qxa8 Qd6 13. Qxa7 Qc6 14. Qa3 Bb7 15. Qc3 Qd5 16. Qxc7 b5 17. Qe5 Qd8 18. O-O Ng4 19. Qf4 h5 20. h3 Nf6 21. Bxb5 Qd5 22. c4 Qd8 23. a4 Ne4 24. Rfe1 f5 25. a5 g5 26. Qe5 g4 27. Qxe6+ Rf7 28. Ne5 Qh4 29. Qxf7+ Kh8 30. Ng6# 1-0


[Site "https://www.chess.com"]

[Event "Titled Tuesday Blitz March 28 Late 2023"]
[White "Ozalp, Burak"]
[Black "Li, Eric"]
[WhiteFideId "6314210"]
[BlackFideId "30939941"]
[WhiteElo "2106"]
[BlackElo "2262"]
[Result "0-1"]
[Round "03"]
[TimeControl "180+2"]
[Date "2023.03.28"]
[WhiteClock "0:00:02"]
[BlackClock "0:01:34"]

1. Nf3 d5 2. g3 Nf6 3. Bg2 Bf5 4. d3 e6 5. Nbd2 h6 6. b3 c6 7. Bb2 Nbd7 8. O-O Be7 9. c4 O-O 10. Rc1 Bh7 11. Qc2 a5 12. a3 b5 13. cxb5 cxb5 14. Qc7 Qxc7 15. Rxc7 Rfc8 16. Rfc1 Rxc7 17. Rxc7 b4 18. a4 Bd8 19. Rc1 Kf8 20. Ne5 Nxe5 21. Bxe5 Nd7 22. Bd4 Bf6 23. Bxf6 Nxf6 24. Rc7 Ne8 25. Rc5 Ke7 26. Nf3 Kd6 27. Rc1 Nc7 28. Nd4 Ra6 29. Kf1 e5 30. Nf3 Ne6 31. Ke1 e4 32. dxe4 Bxe4 33. Kd2 Nc5 34. Rxc5 Kxc5 35. Ke3 Re6 36. Bh3 Bf5+ 0-1


[Site "https://www.chess.com"]

[Event "Titled Tuesday Blitz March 28 Late 2023"]
[White "sissahungrychess"]
[Black "Adel, Sara"]
[BlackFideId "10616764"]
[WhiteElo "2404"]
[BlackElo "1982"]
[Result "0-1"]
[Round "03"]
[TimeControl "180+2"]
[Date "2023.03.28"]
[WhiteClock "0:01:42"]
[BlackClock "0:01:48"]

1. d4 Nf6 2. Nf3 g6 3. c4 Bg7 4. Nc3 O-O 5. e4 d6 6. Be2 Nc6 7. O-O e5 8. d5 Ne7 9. Ne1 Ne8 10. Be3 f5 11. f3 f4 12. Bf2 h5 13. Rc1 g5 14. c5 Rf7 15. Qb3 Ng6 16. Nd3 g4 17. cxd6 cxd6 18. Nb5 a6 19. Na7 Bd7 20. Qb6 Qg5 21. Qxb7 gxf3 22. Bxf3 Bg4 23. Kh1 Rxb7 24. Nc6 Nf6 25. Rc3 h4 26. h3 Bxf3 27. gxf3 Nh5 28. Rg1 Ng3+ 29. Bxg3 hxg3 30. b4 Qh4 31. Kg2 Qh5 0-1


[Site "https://www.chess.com"]

[Event "Titled Tuesday Blitz March 28 Late 2023"]
[White "Khatena, Moshe"]
[Black "Stanojevic, Ilija"]
[WhiteFideId "2010461"]
[BlackFideId "959995"]
[WhiteElo "2159"]
[BlackElo "2138"]
[Result "1-0"]
[Round "03"]
[TimeControl "180+2"]
[Date "2023.03.28"]
[WhiteClock "0:01:28"]
[BlackClock "0:01:12"]

1. e4 d6 2. d4 Nf6 3. Nc3 Nbd7 4. d5 e5 5. dxe6 fxe6 6. Bc4 Nb6 7. Bb3 d5 8. e5 Nfd7 9. f4 Bb4 10. Bd2 c5 11. Nb5 Bxd2+ 12. Qxd2 O-O 13. c3 c4 14. Bc2 Nc5 15. Nf3 Bd7 16. Nbd4 Nd3+ 17. Bxd3 cxd3 18. Qxd3 Nc4 19. b3 Nb6 20. Ng5 g6 21. Ndxe6 Qe7 22. Nxf8 Rxf8 23. O-O h6 24. Qxg6+ 1-0


[Site "https://www.chess.com"]

[Event "Titled Tuesday Blitz March 28 Late 2023"]
[White "Delorme, Axel"]
[Black "Michalski, Olaf"]
[WhiteFideId "632023"]
[BlackFideId "1106740"]
[WhiteElo "2478"]
[BlackElo "2173"]
[Result "1-0"]
[Round "03"]
[TimeControl "180+2"]
[Date "2023.03.28"]
[WhiteClock "0:01:09"]
[BlackClock "0:00:04"]

1. e4 c5 2. Nf3 a6 3. c3 Nf6 4. e5 Nd5 5. d4 e6 6. h4 d6 7. h5 h6 8. Bd3 cxd4 9. cxd4 Nc6 10. Nc3 Nxc3 11. bxc3 dxe5 12. dxe5 Bc5 13. O-O b6 14. Qe2 Bb7 15. Rd1 Qc7 16. a4 Na5 17. Bc2 Rd8 18. Rxd8+ Qxd8 19. Be3 Qc7 20. Bd4 Bxf3 21. Qxf3 Bxd4 22. cxd4 Qc6 23. Be4 1-0


[Site "https://www.chess.com"]

[Event "Titled Tuesday Blitz March 28 Late 2023"]
[White "KSho99"]
[Black "Kielinkei"]
[WhiteElo "2145"]
[BlackElo "2401"]
[Result "1-0"]
[Round "03"]
[TimeControl "180+2"]
[Date "2023.03.28"]
[WhiteClock "0:00:12"]
[BlackClock "0:00:33"]

1. e4 c5 2. Nf3 d6 3. d4 cxd4 4. Qxd4 Nc6 5. Qe3 g6 6. Be2 Bg7 7. O-O Nf6 8. Rd1 Qc7 9. Nc3 O-O 10. Qf4 Nb4 11. e5 Nxc2 12. exf6 Bxf6 13. Rb1 Be6 14. Qh6 Bg7 15. Qh4 Na3 16. bxa3 Qxc3 17. Bb2 Qc7 18. Ng5 h6 19. Nxe6 fxe6 20. Qe4 Bxb2 21. Qxe6+ Kg7 22. Rxb2 Rf6 23. Qe4 Rb8 24. Rc2 Qd7 25. Rdc1 Re6 26. Qd4+ Kh7 27. Bg4 Rf8 28. Bxe6 Qxe6 29. Qe3 Qf6 30. Rc7 Rf7 31. Re1 e5 32. Rxf7+ Qxf7 33. Qb3 Qc7 34. h3 Kg7 35. Qb2 b6 36. Rc1 Qf7 37. Qb3 d5 38. Qc3 Qf4 39. Qc7+ Kf6 40. Rc6+ Kg5 41. Qe7+ Kh5 42. g4+ Qxg4+ 43. hxg4+ Kxg4 44. Rxg6+ Kf3 45. Qf6+ Ke2 46. Qxe5+ Kd3 47. Qxd5+ Kc3 48. Rg3+ Kb2 49. Qb3+ Ka1 50. Rc3 1-0


[Site "https://www.chess.com"]

[Event "Titled Tuesday Blitz March 28 Late 2023"]
[White "Villiers, Thomas"]
[Black "dDobravcan"]
[WhiteFideId "427209"]
[WhiteElo "2164"]
[BlackElo "2145"]
[Result "1-0"]
[Round "03"]
[TimeControl "180+2"]
[Date "2023.03.28"]
[WhiteClock "0:00:27"]
[BlackClock "0:00:02"]

1. d4 d6 2. Nf3 Bg4 3. e3 Nd7 4. h3 Bh5 5. b3 e5 6. Be2 e4 7. Nfd2 Bg6 8. c4 c6 9. Nc3 f5 10. Bb2 Ngf6 11. g4 d5 12. gxf5 Bxf5 13. Qc2 Be7 14. O-O-O O-O 15. Rdg1 Kh8 16. h4 a5 17. h5 h6 18. Rg2 Nb6 19. Rhg1 Rf7 20. Nf1 Bf8 21. Ng3 Bh7 22. c5 Nc8 23. Qd1 b6 24. Na4 b5 25. Nc3 Na7 26. Nb1 b4 27. Bg4 Nb5 28. Bf5 a4 29. Bxh7 Nxh7 30. Qg4 axb3 31. axb3 Qg5 32. Qe6 Rf6 33. Qd7 Rxf2 34. Rxf2 Qxe3+ 35. Nd2 Qxf2 36. Rf1 Qxg3 37. Qxc6 Ra2 38. Qxb5 e3 39. Nb1 Qg5 40. Qe2 Nf6 41. c6 Bd6 42. Rf3 Ne4 43. Kc2 Kh7 44. Qxe3 Qg2+ 45. Nd2 1-0


[Site "https://www.chess.com"]

[Event "Titled Tuesday Blitz March 28 Late 2023"]
[White "Martin Barcelo, Carles"]
[Black "Hartikainen, Jarmo"]
[WhiteFideId "24561444"]
[BlackFideId "503134"]
[WhiteElo "2089"]
[BlackElo "2141"]
[Result "1-0"]
[Round "03"]
[TimeControl "180+2"]
[Date "2023.03.28"]
[WhiteClock "0:01:13"]
[BlackClock "0:00:07"]

1. d4 Nf6 2. Nf3 e6 3. e3 d5 4. Bd3 c5 5. c3 c4 6. Bc2 Nc6 7. Nbd2 b6 8. e4 dxe4 9. Nxe4 Nxe4 10. Bxe4 Bb7 11. O-O Bd6 12. Re1 Qc7 13. h3 h6 14. d5 Nd8 15. dxe6 O-O 16. exf7+ Nxf7 17. Bxb7 Qxb7 18. Be3 Rad8 19. Qc2 Ne5 20. Nxe5 Bxe5 21. Rad1 Rde8 22. Qg6 Bb8 23. Bxh6 Rxe1+ 24. Rxe1 Qc7 25. g3 Qd6 26. Qxg7# 1-0


[Site "https://www.chess.com"]

[Event "Titled Tuesday Blitz March 28 Late 2023"]
[White "marik_spb"]
[Black "Winkels, Marcel"]
[BlackFideId "1003887"]
[WhiteElo "2398"]
[BlackElo "1900"]
[Result "1-0"]
[Round "03"]
[TimeControl "180+2"]
[Date "2023.03.28"]
[WhiteClock "0:00:11"]
[BlackClock "0:00:01"]

1. d4 Nf6 2. c4 g6 3. Nf3 Bg7 4. g3 O-O 5. Bg2 c6 6. O-O d6 7. Nc3 Qa5 8. e4 Qh5 9. Nd2 Bg4 10. f3 Bh3 11. Nb3 Bxg2 12. Kxg2 e5 13. d5 c5 14. f4 Qxd1 15. Rxd1 Nbd7 16. Be3 a6 17. Nd2 Rfe8 18. Re1 Rab8 19. a4 b6 20. h3 h5 21. Nf3 Nh7 22. Ra3 Re7 23. Rb3 Nhf8 24. a5 bxa5 25. Rxb8 Nxb8 26. Ra1 Rb7 27. Nd1 Rb4 28. fxe5 Rxc4 29. exd6 Nfd7 30. Rxa5 Rxe4 31. Bxc5 Re2+ 32. Kf1 Rc2 33. Ba7 Rc1 34. Ke2 Rc2+ 35. Kd3 Rc8 36. Ra4 Nc5+ 37. Bxc5 Rxc5 38. Ne3 Bxb2 39. Rc4 Rxc4 40. Kxc4 Bc1 41. Nc2 Kf8 42. Nb4 Ke8 43. Nc6 Nd7 44. Kb4 Be3 45. Ka5 Bd2+ 46. Kxa6 Be3 47. Kb7 Nc5+ 48. Kc8 1-0


[Site "https://www.chess.com"]

[Event "Titled Tuesday Blitz March 28 Late 2023"]
[White "Tsukerman, Julia"]
[Black "drdaro"]
[WhiteFideId "2621649"]
[WhiteElo "1667"]
[BlackElo "2390"]
[Result "0-1"]
[Round "03"]
[TimeControl "180+2"]
[Date "2023.03.28"]
[WhiteClock "0:00:07"]
[BlackClock "0:00:42"]

1. e4 a6 2. d4 g6 3. Be3 d6 4. Nc3 Bg7 5. f3 b5 6. Qd2 Bb7 7. Nge2 Nf6 8. g4 h5 9. g5 Nfd7 10. h4 c5 11. Ng3 O-O 12. Bg2 Nc6 13. Nce2 cxd4 14. Nxd4 Rc8 15. O-O-O Nde5 16. Nxc6 Rxc6 17. Bd4 Nc4 18. Qd3 Qa5 19. Kb1 e5 20. Bc3 Qc7 21. Rc1 Rd8 22. Rhd1 a5 23. Bd2 Rc5 24. Be3 Rc6 25. Qe2 b4 26. Nf1 a4 27. Nd2 Na5 28. f4 exf4 29. Bxf4 a3 30. b3 Rc3 31. Nf3 Ba6 32. Qf2 Nc4 33. Bd2 Nxd2+ 34. Rxd2 Rxf3 35. Bxf3 Qc3 0-1


[Site "https://www.chess.com"]

[Event "Titled Tuesday Blitz March 28 Late 2023"]
[White "Abduzhaparov"]
[Black "Vargas Rodriguez, Wilver"]
[BlackFideId "3509672"]
[WhiteElo "2383"]
[BlackElo "2238"]
[Result "1-0"]
[Round "03"]
[TimeControl "180+2"]
[Date "2023.03.28"]
[WhiteClock "0:00:10"]
[BlackClock "0:00:04"]

1. Nf3 d5 2. c4 c6 3. d4 Bf5 4. e3 e6 5. Nc3 Nf6 6. Nh4 Bg6 7. Nxg6 hxg6 8. Qb3 Qb6 9. g3 Nbd7 10. c5 Qc7 11. f4 b6 12. cxb6 axb6 13. Bd2 Bd6 14. Rc1 Qb7 15. Bg2 Ng4 16. h3 Ngf6 17. e4 Be7 18. e5 Nh5 19. Ne2 c5 20. g4 Bh4+ 21. Kf1 Ng3+ 22. Nxg3 Bxg3 23. Qxg3 Rxa2 24. Qb3 Qa6+ 25. Kg1 O-O 26. Kh2 Ra8 27. Bf1 c4 28. Qb4 b5 29. Kg3 Nb8 30. Rc2 Nc6 31. Qc5 b4 32. Bxb4 Qa4 33. Rf2 Nxb4 34. f5 gxf5 35. gxf5 Nc2 36. f6 Rxb2 37. fxg7 Rb3+ 38. Kh4 Ne3 39. Rg1 Nf5+ 40. Rxf5 exf5 41. Qe7 1-0


[Site "https://www.chess.com"]

[Event "Titled Tuesday Blitz March 28 Late 2023"]
[White "Djordjevic, Dejan N"]
[Black "Bolanos, Fernando"]
[WhiteFideId "913316"]
[BlackFideId "3304094"]
[WhiteElo "2261"]
[BlackElo "2166"]
[Result "1-0"]
[Round "03"]
[TimeControl "180+2"]
[Date "2023.03.28"]
[WhiteClock "0:02:09"]
[BlackClock "0:01:36"]

1. e4 c5 2. Nc3 Nc6 3. g3 e5 4. Bg2 g6 5. Nge2 Bg7 6. O-O Nge7 7. h3 O-O 8. d3 Rb8 9. f4 d6 10. Be3 Nd4 11. Qd2 b5 12. g4 b4 13. Nd1 exf4 14. Nxf4 a5 15. c3 Ne6 16. Nd5 Nxd5 17. exd5 Nc7 18. Bg5 Qe8 19. Re1 Qa4 20. Be7 Re8 21. Bxd6 Rxe1+ 22. Qxe1 Qd7 23. Bxc5 Nxd5 24. Bxd5 Qxd5 25. Qe8+ Bf8 26. Qxf8# 1-0


[Site "https://www.chess.com"]

[Event "Titled Tuesday Blitz March 28 Late 2023"]
[White "Van Dael, Siem"]
[Black "Eliteplayer3"]
[WhiteFideId "1049771"]
[WhiteElo "2336"]
[BlackElo "2119"]
[Result "1-0"]
[Round "03"]
[TimeControl "180+2"]
[Date "2023.03.28"]
[WhiteClock "0:00:26"]
[BlackClock "0:00:39"]

1. e4 c5 2. Nf3 Nc6 3. d4 cxd4 4. Nxd4 Nf6 5. Nc3 d6 6. Bg5 g6 7. Bxf6 exf6 8. Bb5 Bd7 9. Bc4 Be7 10. O-O O-O 11. Nd5 Kg7 12. Re1 Re8 13. Nxe7 Rxe7 14. Nb5 Ne5 15. Nxd6 Qb6 16. Bb3 Rd8 17. Nc4 Nxc4 18. Bxc4 Bc6 19. Qc1 Rxe4 20. Bb3 Rg4 21. g3 h5 22. Qe3 Qxe3 23. Rxe3 Rd2 24. Rae1 Rgd4 25. Re7 Rd7 26. Rxd7 Rxd7 27. Kf1 a5 28. a4 Rd2 29. Re2 Rd1+ 30. Re1 Bg2+ 31. Ke2 Rxe1+ 32. Kxe1 Bc6 33. Kd2 f5 34. Ke3 g5 35. Kd4 f4 36. gxf4 gxf4 37. Ke5 f3 38. h4 Kg6 39. c3 f6+ 40. Ke6 Be8 41. Bc2+ Kg7 42. b4 axb4 43. cxb4 f5 44. a5 Bb5 45. Kxf5 Be8 46. Kg5 Kf7 47. Be4 Ke6 48. Bxb7 Kd6 49. Bxf3 Kc7 50. Bxh5 Bb5 51. Bg6 Kc6 52. h5 Ba6 53. h6 Kb5 54. Bd3+ Kxb4 55. Bxa6 Kxa5 56. Be2 Kb4 57. f4 Kc5 58. Bg4 Kd4 59. h7 Ke3 60. h8=Q Kf2 61. Qe5 Kg3 62. Qe3+ Kg2 63. Kh4 Kh1 64. Qe2 Kg1 65. Kg5 Kh1 66. Kg6 Kg1 67. Kg7 Kh1 68. Kg8 Kg1 69. Kf8 Kh1 70. Kf7 Kg1 71. Kf6 Kh1 72. Kf5 Kg1 73. Ke5 Kh1 74. Ke6 Kg1 75. Ke7 Kh1 76. Ke8 Kg1 77. Kd7 Kh1 78. Bf3+ Kg1 79. Qg2# 1-0


[Site "https://www.chess.com"]

[Event "Titled Tuesday Blitz March 28 Late 2023"]
[White "Dominguez Rincon, Miller Duvan"]
[Black "Jorajuria Mendoza, Algol"]
[WhiteFideId "4406583"]
[BlackFideId "5128897"]
[WhiteElo "2005"]
[BlackElo "2076"]
[Result "0-1"]
[Round "03"]
[TimeControl "180+2"]
[Date "2023.03.28"]
[WhiteClock "0:00:01"]
[BlackClock "0:00:02"]

1. e4 c5 2. Nf3 Nc6 3. Bb5 e6 4. O-O Nge7 5. Re1 a6 6. Bf1 Ng6 7. c3 Be7 8. d4 cxd4 9. cxd4 d5 10. e5 O-O 11. Nc3 f6 12. exf6 Bxf6 13. Be3 Kh8 14. Rc1 Qd6 15. g3 Bd7 16. Bg2 Rad8 17. Ne2 e5 18. dxe5 Ngxe5 19. Nxe5 Bxe5 20. Qxd5 Qf6 21. Qb3 Bxb2 22. Rb1 Bc3 23. Qxc3 Ne5 24. Bd4 Rc8 25. Bxe5 Qxf2+ 26. Kh1 Rxc3 27. Bxc3 Qc5 28. Bd4 Qd6 29. Rbd1 Qg6 30. Nf4 Qg4 31. Rf1 Kg8 32. Bd5+ Kh8 33. Ng6+ hxg6 34. Rxf8+ Kh7 35. Bg8+ Kh6 36. Be3+ g5 37. Bd5 Qxd1+ 38. Kg2 Qxd5+ 0-1


[Site "https://www.chess.com"]

[Event "Titled Tuesday Blitz March 28 Late 2023"]
[White "Narva, Triin"]
[Black "Sliwicki, Damian"]
[WhiteFideId "4502680"]
[BlackFideId "1127128"]
[WhiteElo "1944"]
[BlackElo "2030"]
[Result "0-1"]
[Round "03"]
[TimeControl "180+2"]
[Date "2023.03.28"]
[WhiteClock "0:00:01"]
[BlackClock "0:00:07"]

1. e4 d5 2. exd5 Qxd5 3. Nc3 Qa5 4. Bc4 Nf6 5. d3 Bg4 6. f3 Bf5 7. g4 Bg6 8. f4 e6 9. h3 Qb6 10. Nf3 Bc5 11. d4 Bb4 12. O-O Ne4 13. Nxe4 Bxe4 14. c3 Bd6 15. Ng5 Bc6 16. Qe2 Nd7 17. Nxf7 O-O 18. Nxd6 cxd6 19. Qxe6+ Kh8 20. Qxd6 Rae8 21. g5 Qa5 22. Bd3 Nb6 23. b4 Qa4 24. Bd2 Nd5 25. Rae1 Qxa2 26. Rxe8 Rxe8 27. b5 Qxd2 28. bxc6 Ne3 29. Be4 bxc6 30. Qd7 Rg8 0-1


[Site "https://www.chess.com"]

[Event "Titled Tuesday Blitz March 28 Late 2023"]
[White "Torres Boch, Jose Francisco"]
[Black "Sanchez, Robert"]
[WhiteFideId "2278383"]
[BlackFideId "2034360"]
[WhiteElo "2073"]
[BlackElo "2095"]
[Result "1-0"]
[Round "03"]
[TimeControl "180+2"]
[Date "2023.03.28"]
[WhiteClock "0:00:17"]
[BlackClock "0:00:48"]

1. e4 e6 2. d4 d5 3. Nc3 Nf6 4. e5 Ne4 5. Nxe4 dxe4 6. Ne2 c5 7. g3 Nc6 8. Be3 cxd4 9. Bxd4 Nxd4 10. Qxd4 Qa5+ 11. c3 Bd7 12. Bg2 Bc5 13. Qd2 e3 14. fxe3 O-O-O 15. Nd4 Qc7 16. O-O Rhf8 17. b4 Be7 18. a4 Qxe5 19. a5 a6 20. Qe2 Bg5 21. Rae1 Bb5 22. Qf3 Rd7 23. Kh1 Bxf1 24. Bxf1 Qd5 25. e4 Qe5 26. b5 Bd2 27. Rd1 Qg5 28. bxa6 Kb8 29. axb7 Qxg3 1-0


[Site "https://www.chess.com"]

[Event "Titled Tuesday Blitz March 28 Late 2023"]
[White "Manu_ChessExcelsior"]
[Black "Gerbelli Neto, Eduardo"]
[BlackFideId "2103281"]
[WhiteElo "2089"]
[BlackElo "2178"]
[Result "1-0"]
[Round "03"]
[TimeControl "180+2"]
[Date "2023.03.28"]
[WhiteClock "0:00:46"]
[BlackClock "0:00:27"]

1. e4 e5 2. Nf3 Nc6 3. Bc4 Nf6 4. Ng5 d5 5. exd5 Nd4 6. c3 b5 7. Bf1 Nxd5 8. cxd4 Qxg5 9. Bxb5+ Kd8 10. Qf3 Bb7 11. dxe5 Qxe5+ 12. Kd1 Bd6 13. Re1 Qf6 14. Qxf6+ Nxf6 15. f3 Rb8 16. Nc3 Bxh2 17. d4 Bg3 18. Re2 Nd5 19. Ne4 Nf4 20. Nxg3 Nxe2 21. Bxe2 Bd5 22. b3 Kd7 23. Ba3 h5 24. Kd2 g6 25. Ne4 c6 26. Nf6+ Ke6 27. Nxd5 cxd5 28. Re1 Kf6 29. Bd3 Rhe8 30. Rc1 Rbc8 31. Rc5 Rxc5 32. dxc5 Ke6 33. b4 g5 34. b5 h4 35. b6 axb6 36. cxb6 Rb8 37. Bc5 f5 38. a4 g4 39. a5 h3 40. gxh3 gxh3 41. Bg1 1-0


[Site "https://www.chess.com"]

[Event "Titled Tuesday Blitz March 28 Late 2023"]
[White "Shkuran, Danylo"]
[Black "Ardito, Andrew"]
[WhiteFideId "14106248"]
[BlackFideId "2033976"]
[WhiteElo "2427"]
[BlackElo "2088"]
[Result "1-0"]
[Round "03"]
[TimeControl "180+2"]
[Date "2023.03.28"]
[WhiteClock "0:01:15"]
[BlackClock "0:00:45"]

1. d4 Nf6 2. c4 g6 3. Nc3 Bg7 4. e4 d6 5. f3 O-O 6. Be3 e5 7. Nge2 Nc6 8. Qd2 exd4 9. Nxd4 Re8 10. Be2 a5 11. O-O Nd7 12. a3 Nc5 13. Rad1 Nxd4 14. Bxd4 Nb3 15. Qe3 Nxd4 16. Rxd4 Bxd4 17. Qxd4 Qg5 18. Rd1 Bh3 19. Bf1 Re7 20. Nd5 Re5 21. f4 Rxd5 22. cxd5 Qg4 23. Rd3 Bxg2 24. Bxg2 Qxf4 25. Rf3 Qc1+ 26. Rf1 Qg5 27. Qf6 Qxf6 28. Rxf6 Kg7 29. Rf2 Re8 30. Rc2 Re7 31. Kf2 f5 32. exf5 gxf5 33. Kf3 Kf6 34. Kf4 h6 35. Bf3 Rg7 36. Re2 1-0


[Site "https://www.chess.com"]

[Event "Titled Tuesday Blitz March 28 Late 2023"]
[White "micke12a"]
[Black "Svicevic, Rastko"]
[BlackFideId "916315"]
[WhiteElo "2330"]
[BlackElo "2071"]
[Result "0-1"]
[Round "03"]
[TimeControl "180+2"]
[Date "2023.03.28"]
[WhiteClock "0:00:19"]
[BlackClock "0:00:25"]

1. e3 c6 2. d4 d5 3. c4 e6 4. Nf3 f5 5. cxd5 exd5 6. Ne5 Nf6 7. Nc3 Bd6 8. f4 O-O 9. Bd3 Ne4 10. O-O Nd7 11. Nxe4 fxe4 12. Be2 Nxe5 13. fxe5 Be7 14. Bd2 Be6 15. b4 Qd7 16. Qb3 a6 17. a4 b5 18. axb5 axb5 19. Ra5 Rxf1+ 20. Bxf1 Rf8 21. Qa2 Qe8 22. Qb1 Qf7 23. Qe1 Bh4 24. g3 Bd8 25. Ra6 Qd7 26. Bg2 Bg4 27. Qc1 Qf7 28. Qe1 Bf3 29. Rxc6 Bxg2 30. Kxg2 Qf3+ 31. Kg1 Bg5 32. Rc5 h5 33. h4 Bxh4 34. gxh4 Qg4+ 35. Kh2 Rf3 36. Rc8+ Kh7 0-1


[Site "https://www.chess.com"]

[Event "Titled Tuesday Blitz March 28 Late 2023"]
[White "Fernandez Siles, Luis"]
[Black "Toma, Katarzyna"]
[WhiteFideId "2209420"]
[BlackFideId "1119907"]
[WhiteElo "2186"]
[BlackElo "2149"]
[Result "0-1"]
[Round "03"]
[TimeControl "180+2"]
[Date "2023.03.28"]
[WhiteClock "0:00:17"]
[BlackClock "0:00:09"]

1. d4 d5 2. c4 e6 3. Nc3 Nf6 4. cxd5 exd5 5. Bg5 c6 6. e3 Be7 7. Qc2 Nbd7 8. Bd3 Nf8 9. Nf3 Ne6 10. Bh4 h6 11. O-O g5 12. Bg3 h5 13. Be5 g4 14. Nd2 Ng5 15. e4 Rg8 16. Bxf6 Bxf6 17. exd5 cxd5 18. Bb5+ Kf8 19. Rfe1 Be6 20. Qd3 h4 21. Nf1 h3 22. Ng3 hxg2 23. Re3 Nh3+ 24. Kxg2 Nf4+ 25. Kg1 Nxd3 26. Bxd3 Rh8 27. Rae1 Bxd4 28. R3e2 Qh4 29. Nf1 Qh3 30. Bc2 Rc8 31. Re3 Bxe3 32. Rxe3 Qh4 33. Rd3 Rd8 34. Ne2 Rc8 35. Neg3 Rxc2 36. Ne3 Qxh2+ 37. Kf1 Qxf2# 0-1


[Site "https://www.chess.com"]